 Dungeon Crawl Stone Soup version 0.27.1-34-g3ba077fa99 (webtiles) character file.

Game seed: 11999207863089913533

7977 Arum the Geomancer (level 11, -4/68 HPs)
             Began as a Formicid Earth Elementalist on Jan 13, 2022.
             Was a Believer of Vehumet.
             Shot with an arrow by a centaur warrior (25 damage)
             ... on level 11 of the Dungeon.
             The game lasted 00:30:03 (13683 turns).

Arum the Geomancer (Formicid Earth Elementalist)   Turns: 13683, Time: 00:30:05

Health: -4/68      AC:  3    Str: 12    XL:     11   Next: 47%
Magic:  2/24       EV: 12    Int: 19    God:    Vehumet [**....]
Gold:   547        SH:  5    Dex: 11    Spells: 10/29 levels left

rFire    . . .     SeeInvis +   o - +1 hand axe (venom)
rCold    . . .     Faith    .   l - +1 buckler
rNeg     + . .     Spirit   .   b - +0 robe
rPois    .         Reflect  .   (helmet unavailable)
rElec    .         Harm     .   (no cloak)
rCorr    .         Rampage  .   A - +0 pair of gloves
Will     +....                  (no boots)
Stlth    ++........             (no amulet)
HPRegen  0.21/turn              z - ring of wizardry
MPRegen  0.19/turn              D - ring of positive energy

@: no status effects
A: permanent stasis, dig shafts and tunnels, antennae 3, four strong arms
a: Dig, Shaft Self, Renounce Religion


You were on level 11 of the Dungeon.
You worshipped Vehumet.
Vehumet was pleased with you.
You visited 2 branches of the dungeon, and saw 12 of its levels.
You also visited: Sewer.

You collected 547 gold pieces.

Inventory:

Hand Weapons
 e - a +0 vorpal whip
 o - a +1 hand axe of venom (weapon)
 v - a +1 long sword of holy wrath
 x - a +1 whip of flaming
Missiles
 c - 226 stones
 d - 3 throwing nets
Armour
 b - a +0 robe (worn)
 l - a +1 buckler (worn)
 y - a +2 plate armour of cold resistance
 A - a +0 pair of gloves (worn)
 F - the +4 chain mail of Cowardice {Will+}
   (You found it on level 8 of the Dungeon)

   Will:      It increases your willpower.
Jewellery
 t - a ring of poison resistance
 z - a ring of wizardry (left hand)
 D - a ring of positive energy (right hand)
Wands
 u - a wand of mindburst (18)
 w - a wand of iceblast (9)
Scrolls
 f - 3 scrolls of immolation
 h - 2 scrolls of summoning
 j - a scroll of enchant weapon
 m - 2 scrolls of fog
 r - a scroll of amnesia
 s - a scroll of brand weapon
 I - a scroll of fear
Potions
 a - 2 potions of might {unknown}
 g - 2 potions of attraction
 i - a potion of brilliance
 k - 3 potions of curing
 n - a potion of heal wounds
 p - 3 potions of magic
 q - 2 potions of mutation
 B - a potion of invisibility {unknown}
 C - 2 potions of lignification
 E - a potion of resistance {unknown}
 G - 2 potions of cancellation
Miscellaneous
 H - a phial of floods
 J - a tin of tremorstones (2/2)


   Skills:
 - Level 1.7 Dodging
 - Level 2.4 Stealth
 - Level 2.4 Shields
 + Level 9.6 Spellcasting
 + Level 11.1 Conjurations
 - Level 1.1 Transmutations
 + Level 1.0 Fire Magic
 + Level 11.8 Earth Magic


You had 10 spell levels left.
You knew the following spells:

 Your Spells              Type           Power      Damage    Failure   Level
a - Sandblast             Erth           100%       2d20      1%          1
b - Stone Arrow           Conj/Erth      100%       3d13      1%          3
c - Bolt of Magma         Conj/Fire/Erth 19%        4d10      3%          5
d - Iron Shot             Conj/Erth      25%        9d5       4%          6
e - Leda's Liquefaction   Hex/Erth       15%        N/A       2%          4

Your spell library contained the following spells:

 Spells                   Type           Power      Damage    Failure   Level
 Static Discharge         Conj/Air       30%        N/A       1%          2
 Passwall                 Tmut/Erth      27%        N/A       1%          2
 Dazzling Flash           Conj/Hex       60%        N/A       1%          3
 Mephitic Cloud           Conj/Pois/Air  23%        N/A       1%          3
 Animate Armour           Summ/Erth      62%        N/A       2%          4
 Petrify                  Tmut/Erth      33%        N/A       2%          4
 Hailstorm                Conj/Ice       30%        3d8       3%          4
 Iskenderun's Mystic Bla  Conj/Tloc      30%        2d8       3%          4
 Slow                     Hex            9%         N/A       4%          2
 Ignite Poison            Fire/Tmut/Pois 11%        N/A       7%          3
 Call Canine Familiar     Summ           9%         N/A       10%         3
 Confusing Touch          Hex            9%         N/A       10%         3
 Portal Projectile        Hex/Tloc       18%        N/A       10%         3
 Ice Form                 Ice/Tmut       11%        N/A       24%         4
 Starburst                Conj/Fire      16%        6d6       36%         6
 Blade Hands              Tmut           6%         N/A       45%         5
 Yara's Violent Unravell  Hex/Tmut       5%         3d4       52%         5
 Agony                    Necr           9%         N/A       61%         5
 Silence                  Hex/Air        4%         N/A       61%         5
 Simulacrum               Ice/Necr       4%         N/A       99%         6


Dungeon Overview and Level Annotations

Branches:
Dungeon (11/15)            Temple (1/1) D:4            Lair (0/6) D:10
  Sewer (visited)
    Orc: D:9-12

Altars:
Ashenzari
Cheibriados
Dithmenos
Elyvilon
Fedhas
Gozag
Hepliaklqana
Kikubaaqudgha
Makhleb
Nemelex Xobeh
Okawaru
Qazlal
Trog
Uskayaw
Vehumet
Wu Jian
Xom
Yredelemnul
Zin
The Shining One

Shops:
D:5 *   D:8 :


Innate Abilities, Weirdness & Mutations

You cannot be hasted, slowed, berserked, paralysed or teleported.
You can dig through walls and to a lower floor.
You have a pair of large antennae on your head. (SInv)
Your four strong arms can wield two-handed weapons with a shield.


Message History

Press: ? - help, Shift-Dir - straight line, f - centaur warrior
Aim: a centaur warrior, quivering arrows (wandering, hasn't noticed you, 77% to hit)
The bolt of magma misses the centaur warrior.
The centaur warrior shouts!
The centaur warrior wields a +0 shortbow.
The centaur warrior shoots an arrow.
You block the arrow.
Casting: Bolt of Magma (dangerous; 3% risk of failure)
Confirm with . or Enter, or press ? or * to list all spells.
Aiming: Stone Arrow (safe; 1% risk of failure)
Press: ? - help, Shift-Dir - straight line, f/p - centaur warrior
Aim: a centaur warrior, wielding a +0 shortbow and quivering arrows (84% to hit)
The stone arrow hits the centaur warrior!!
The centaur warrior is moderately wounded.
The centaur warrior shoots an arrow.
The arrow completely misses you.
Casting: Stone Arrow (safe; 1% risk of failure)
Confirm with . or Enter, or press ? or * to list all spells.
Aiming: Stone Arrow (safe; 1% risk of failure)
Press: ? - help, Shift-Dir - straight line, f/p - centaur warrior
Aim: a centaur warrior, wielding a +0 shortbow and quivering arrows (moderately wounded, 84% to hit)
The stone arrow hits the centaur warrior!!
The centaur warrior is severely wounded.
The centaur warrior shoots an arrow.
The arrow hits you!
The centaur warrior shoots an arrow.
The arrow hits you!!
Casting: Stone Arrow (safe; 1% risk of failure)
Confirm with . or Enter, or press ? or * to list all spells.
Aiming: Stone Arrow (safe; 1% risk of failure)
Press: ? - help, Shift-Dir - straight line, f/p - centaur warrior
Aim: a centaur warrior, wielding a +0 shortbow and quivering arrows (severely wounded, 84% to hit)
The stone arrow hits the centaur warrior!
The centaur warrior is severely wounded.
The centaur warrior shoots an arrow.
The arrow hits you!
Casting: Stone Arrow (safe; 1% risk of failure)
Confirm with . or Enter, or press ? or * to list all spells.
Aiming: Stone Arrow (safe; 1% risk of failure)
Press: ? - help, Shift-Dir - straight line, f/p - centaur warrior
Aim: a centaur warrior, wielding a +0 shortbow and quivering arrows (severely wounded, 84% to hit)
The stone arrow hits the centaur warrior!
The centaur warrior is almost dead.
The centaur warrior shoots an arrow.
The arrow hits you!!
You die...

#.# *********#..
#.# *,,,,,,,*#..
#.# *,,,,,,,*#..
#.# *,,,,,,,*#.#
#.# *,,,,,,,,..#
#.# *,,,,,,,*,,,
#.# *,,,,,,,**,*
#.## *,,<,,,,**,,
#.@#***************
##...c....**,** *
#..#####.*,*,** *
#..#*,,,,,***,****
#...,,**,*,*,,,,,,
##.##***,**,******
*..,,,,,****
*##****** *


You could see a centaur warrior.

Vanquished Creatures
  A boulder beetle (D:9)
  A two-headed ogre (D:6)
  Pikel (D:4)
  Joseph (D:9)
  A komodo dragon (D:10)
  3 yaks (D:10)
  3 wraiths (D:9)
  Edmund (D:4)
  Menkaure (D:5)
  A steam dragon (D:6)
  Duvessa (D:4)
  An orc warrior (D:8)
  3 sky beasts
  A necrophage (D:4)
  3 lemures (D:4)
  4 centaurs
  4 kobold brigands
  5 bullfrogs
  Blork the orc (D:4)
  A scorpion (D:5)
  Dowan (D:4)
  A water moccasin zombie (D:5)
  6 killer bees (D:7)
  10 wights
  4 centaur zombies
  3 jellies
  2 hounds (D:5)
  2 orc priests (D:8)
  3 iguanas
  6 orc wizards
  2 killer bee zombies (D:9)
  2 hound skeletons
  2 howler monkey zombies
  7 gnolls
  5 river rats
  14 adders
  2 white imps
  2 dart slugs
  3 worms
  24 orcs
  18 ball pythons
  3 bats
  2 endoplasms
  2 giant cockroaches
  3 goblins
  8 hobgoblins
  2 quokkas (D:4)
  2 frilled lizards
  26 kobolds
  28 rats
233 creatures vanquished.

Vanquished Creatures (collateral kills)
  A wight (D:9)
  A river rat (D:4)
  An endoplasm (D:4)
3 creatures vanquished.

Vanquished Creatures (others)
  3 plants (D:10)
3 creatures vanquished.

Grand Total: 239 creatures vanquished

Notes
Turn   | Place    | Note
-------+----------+-------------------------------------------
     0 | D:1      | Arum the Formicid Earth Elementalist began the quest for
                  | the Orb.
     0 | D:1      | Reached XP level 1. HP: 13/13 MP: 3/3
   616 | D:1      | Reached XP level 2. HP: 9/19 MP: 2/5
  1138 | D:2      | Found a faded altar of an unknown god.
  1240 | D:2      | Reached XP level 3. HP: 24/24 MP: 5/7
  2050 | D:2      | Learned a level 3 spell: Stone Arrow
  2386 | D:3      | Reached XP level 4. HP: 30/30 MP: 6/8
  2520 | D:3      | Noticed a centaur
  2525 | D:3      | Killed a centaur
  2526 | D:3      | Reached skill level 5 in Earth Magic
  2526 | D:3      | Reached XP level 5. HP: 19/35 MP: 3/11
  2800 | D:3      | Reached skill level 1 in Conjurations
  2813 | D:3      | Reached XP level 6. HP: 28/41 MP: 2/12
  3711 | D:4      | Found a glowing drain.
  3715 | Sewer    | Entered a sewer
  4227 | Sewer    | Reached XP level 7. HP: 42/46 MP: 11/13
  4566 | Sewer    | Reached XP level 8. HP: 23/52 MP: 6/20
  4963 | D:4      | Noticed Dowan
  5043 | D:4      | Killed Dowan
  5044 | D:4      | Reached skill level 10 in Earth Magic
  5070 | D:4      | Noticed Duvessa
  5115 | D:4      | Noticed Edmund
  5119 | D:4      | Killed Edmund
  5192 | D:4      | Killed Duvessa
  5307 | D:4      | Found a staircase to the Ecumenical Temple.
  5324 | Temple   | Entered the Ecumenical Temple
  5402 | Temple   | Became a worshipper of Vehumet
  5449 | D:4      | Reached XP level 9. HP: 57/57 MP: 16/21
  5684 | D:4      | Noticed Blork the orc
  5696 | D:4      | Killed Blork the orc
  5737 | D:4      | Noticed Pikel
  6133 | D:4      | Killed Pikel
  6216 | D:5      | Entered Level 5 of the Dungeon
  6335 | D:5      | Noticed Menkaure
  6342 | D:5      | Killed Menkaure
  6343 | D:5      | Reached skill level 1 in Shields
  6575 | D:5      | Found a blossoming altar of Fedhas.
  6726 | D:5      | Found Jiffe's Overcharged Wands.
  7284 | D:6      | Learned a level 5 spell: Bolt of Magma
  7483 | D:6      | Found a hide-covered altar of Uskayaw.
  7483 | D:6      | Found an iron altar of Okawaru.
  7581 | D:6      | Found a snail-covered altar of Cheibriados.
  7581 | D:6      | You fall into a shaft and drop 1 floor!
  7845 | D:6      | Noticed a two-headed ogre
  7862 | D:6      | Killed a two-headed ogre
  7863 | D:6      | Reached XP level 10. HP: 46/63 MP: 5/22
  8733 | D:7      | Reached * piety under Vehumet
  8733 | D:7      | Offered knowledge of Magic Dart by Vehumet.
  9083 | D:7      | Reached skill level 10 in Conjurations
  9132 | D:7      | Learned a level 6 spell: Iron Shot
  9966 | D:8      | Found Tetzean's Book Shoppe.
  9979 | D:8      | Reached ** piety under Vehumet
  9979 | D:8      | Offered knowledge of Poisonous Vapours by Vehumet.
 10186 | D:8      | Learned a level 4 spell: Leda's Liquefaction
 10338 | D:8      | Identified the +4 chain mail of Cowardice {Will+}
 10401 | D:8      | You fall into a shaft and drop 1 floor!
 10848 | D:9      | Noticed a boulder beetle
 10862 | D:9      | Killed a boulder beetle
 10863 | D:9      | Reached XP level 11. HP: 33/68 MP: 4/24
 11276 | D:9      | Noticed Joseph
 11287 | D:9      | Killed Joseph
 11479 | D:9      | Found a burning altar of Makhleb.
 11488 | D:9      | Found an ornate altar of the Wu Jian Council.
 12401 | D:10     | Entered Level 10 of the Dungeon
 12944 | D:10     | Found a staircase to the Lair.
 13014 | D:10     | Offered knowledge of Static Discharge by Vehumet.
 13661 | D:11     | Reached skill level 1 in Fire Magic
 13662 | D:11     | Noticed a centaur warrior
 13683 | D:11     | Shot with an arrow by a centaur warrior

Illustrated notes

Levels and vault maps discovered:
D:1:      roderic_chinese_lattice_arrival, layout_basic
D:2:      layout_basic, hellmonk_ecumenical_altar_blasted
D:3:      layout_loops_ring
D:4:      layout_cave_pools, minmay_temple_entry_arrows, gup_sewer_entry_spiral,
          hangedman_decor_diamond_cutter, uniq_edmund, uniq_duvessa,
          uniq_blork_the_orc, uniq_pikel
D:5:      layout_basic, fedhas_bush_and_centaur_altar,
          nicolae_shop_overcharged_wands, uniq_menkaure
D:6:      layout_loops_ring, old_standard_altar,
          gammafunk_temple_overflow_elements
D:7:      layout_gridville
D:8:      layout_rooms, nicolae_stop_n_shop_2, grunt_ministairs_4
D:9:      layout_loops_corners, amethyst_overflow_temple_binary, uniq_joseph
D:10:     layout_roguey, david_lair_shrubbed, lemuel_flame_loot_1
D:11:     layout_loops_cross, nrook_mini_vaults, uniq_fannar
Temple:   eino_temple_scatter_basement

Skill      XL: |  1  2  3  4  5  6  7  8  9 10 11 |
---------------+----------------------------------+-----
Earth Magic    | 4 5 6 9 10 11 | 11.8
Spellcasting   | 3 4 8 9 |  9.6
Conjurations   | 1 2 9 10 11 | 11.1
Shields        | 2 |  2.4
Fire Magic     | 1 |  1.0
Dodging        | |  1.7
Stealth        | |  2.4
Transmutations | |  1.1

Action                   |  1- 3 |  4- 6 |  7- 9 | 10-12 || total
-------------------------+-------+-------+-------+-------++-------
Melee: Unarmed           |    33 |       |       |       ||    33
       Hand axe          |       |    45 |    38 |    15 ||    98
 Cast: Sandblast         |    29 |    48 |    25 |    22 ||   124
       Stone Arrow       |     2 |     2 |    59 |    63 ||   126
       Bolt of Magma     |       |       |     3 |    33 ||    36
       Iron Shot         |       |       |       |     9 ||     9
 Abil: Dig               |       |     3 |     3 |     1 ||     7
Evoke: Wand              |       |       |       |     2 ||     2
  Use: Scroll            |       |     5 |     9 |    10 ||    24
       Potion            |       |       |     4 |       ||     4
 Stab: Sleeping          |     3 |     1 |       |       ||     4
Armor: Robe              |    11 |    11 |    20 |     6 ||    48
Dodge: Dodged            |    25 |    36 |    90 |    34 ||   185
Block: Buckler           |       |       |       |    13 ||    13
